 Dungeon Crawl Stone Soup version 0.28.0-45-g0d030f2227 (webtiles) character file.

Game seed: 4863849566216652849

42 MisterFreud the Changer (level 3, 0/28 HPs)
             Began as a Draconian Transmuter on Apr 24, 2022.
             Succumbed to a water moccasin's poison
             ... on level 3 of the Dungeon.
             The game lasted 00:02:13 (1385 turns).

MisterFreud the Changer (Draconian Transmuter)      Turns: 1385, Time: 00:02:14

Health: 0/28       AC:  5    Str: 11 (12) XL:     3   Next: 35%
Magic:  5/6        EV: 12    Int: 14 (15) God:
Gold:   58         SH:  5    Dex: 10 (11) Spells: 3/6 levels left

rFire   . . .      SeeInvis .     - Unarmed
rCold   . . .      Faith    .   (no shield)
rNeg    . . .      Spirit   .   (armour unavailable)
rPois   .          Reflect  +   (helmet currently unavailable)
rElec   .          Harm     .   (no cloak)
rCorr   +          Rampage  .   (no gloves)
Will    .....                   (boots currently unavailable)
Stlth   +.........              c - amulet of reflection
HPRegen 0.09/turn               a - ring of resist corrosion
MPRegen 0.10/turn               (no ring)

@: lethally poisoned (0 -> -9), appendages
A: horns 2, talons 2, AC +5, unfitting armour, cold-blooded
a: End Transformation


You were on level 3 of the Dungeon.
You had temporarily grown beastly horns and talons.
You visited 1 branch of the dungeon, and saw 3 of its levels.

You collected 58 gold pieces.

Inventory:

Jewellery
 a - a ring of resist corrosion (left hand)
 c - an amulet of reflection (around neck)


   Skills:
 - Level 1.1 Fighting
 - Level 1.7 Dodging
 - Level 3.0 Unarmed Combat
 - Level 2.0 Spellcasting
 + Level 3.8 Transmutations


You had 3 spell levels left.
You knew the following spells:

 Your Spells              Type           Power      Damage    Failure   Level
a - Beastly Appendage     Tmut           24%        N/A       4%          1
b - Wereblood             Tmut           12%        N/A       8%          2

Your spell library contained the following spells:

 Spells                   Type           Power      Damage    Failure   Level
 Spider Form              Tmut/Pois      6%         N/A       32%         3
 Ice Form                 Ice/Tmut       6%         N/A       71%         4


Dungeon Overview and Level Annotations

Branches:
Dungeon (3/15)

Altars:

Annotations:
D:1 Natasha
D:2 Sigmund


Innate Abilities, Weirdness & Mutations

You have temporarily grown beastly horns and talons.
Your plain brown scales are hard. (AC +5)
You cannot fit into any form of body armour.
You are cold-blooded and may be slowed by cold attacks.


Message History

The water moccasin bites you.
You hit the water moccasin. Your kick misses the water moccasin.
Your headbutt misses the water moccasin.
The water moccasin is lightly wounded.
You block the water moccasin's attack. The water moccasin bites you.
You hit the water moccasin. Your kick misses the water moccasin.
Your tail-slap misses the water moccasin.
The water moccasin is moderately wounded.
The water moccasin bites you.
You barely miss the water moccasin.
The water moccasin is moderately wounded.
The water moccasin barely misses you.
You barely miss the water moccasin. Your kick misses the water moccasin.
The water moccasin is moderately wounded.
The water moccasin barely misses you. You block the water moccasin's attack.
You barely miss the water moccasin. You tail-slap the water moccasin.
Your punch misses the water moccasin.
The water moccasin is moderately wounded.
The water moccasin barely misses you.
You closely miss the water moccasin.
The water moccasin is moderately wounded.
The water moccasin bites you.
* * * LOW HITPOINT WARNING * * *
You are lethally poisoned!
The water moccasin poisons you!
You barely miss the water moccasin.
Your tail-slap misses the water moccasin.
The water moccasin is moderately wounded.
* * * LOW HITPOINT WARNING * * *
You feel very sick.
The water moccasin bites you but does no damage.
The water moccasin barely misses you.
Unknown command.
You aren't carrying any potions.
Unknown command.
You hit the water moccasin but do no damage.
Your kick misses the water moccasin.
Your headbutt misses the water moccasin.
The water moccasin is moderately wounded.
You die...

################
#......@Sl.....#
#.#######....#.#
#.##.#.# #l##.#.#
#.##.#.#
######.##.#.#####
...........#.....#
#######.#..#####.#
....#..# #.#


You could see a water moccasin and a frilled lizard.

Vanquished Creatures
  2 dart slugs (D:1)
  A bat (D:2)
  7 endoplasms (D:1)
  A giant cockroach (D:1)
  3 goblins
  3 hobgoblins (D:1)
  2 jackals (D:1)
  5 kobolds
  2 quokkas
  4 frilled lizards (D:1)
  3 rats (D:1)
33 creatures vanquished.

Notes
Turn   | Place    | Note
-------+----------+-------------------------------------------
     0 | D:1      | MisterFreud the Draconian Transmuter began the quest for
                  | the Orb.
     0 | D:1      | Reached XP level 1. HP: 16/16 MP: 3/3
   102 | D:1      | Reached XP level 2. HP: 23/23 MP: 3/5
   328 | D:1      | Learned a level 2 spell: Wereblood
   667 | D:1      | Reached XP level 3. HP: 28/28 MP: 4/6
   944 | D:2      | Noticed Natasha
  1255 | D:2      | Noticed Sigmund
  1346 | D:3      | Noticed a water moccasin
  1385 | D:3      | Succumbed to a water moccasin's poison

Illustrated notes

Levels and vault maps discovered:
D:1:      dpeg_arrival_tiny_e, layout_basic, minmay_stone_trees_small,
          roderic_three_in_a_row, bh_walls_and_bars
D:2:      layout_rooms, st_stairs_10, uniq_natasha, uniq_sigmund
D:3:      layout_basic, mainiacjoe_overflow_catch_the_wave, kennysheep_path_1,
          grunt_ministairs_13

Skill      XL: |  1  2 |
---------------+-------+-----
Transmutations | 3 |  3.8
Fighting       | |  1.1
Dodging        | |  1.7
Unarmed Combat | |  3.0
Spellcasting   | |  2.0

Action                   || total
-------------------------++-------
Melee: Unarmed           ||    82
       Kick              ||    13
       Headbutt          ||     9
       Tailslap          ||     7
 Cast: Beastly Appendage ||    20
  Use: Potion            ||     2
       Scroll            ||     1
 Stab: Sleeping          ||     1
Armor: Skin              ||    21
Dodge: Dodged            ||    50
Block: Other             ||    15
       Reflection        ||     1
